Map: 엔디온 잔해

Players

llllllllllll (Scarlett) - Winner!

  • Race: Zerg Zerg
  • League: Grandmaster

llIllIllIllI

  • Race: Terran Terran
  • League: Grandmaster

VOD

Have the link to the VOD?

Description

Time

  • Played on: April 10, 2016, 11:33 a.m.
  • Length: 6:54
Show
View Real Time Build Order
Export as new Build Order

llllllllllll Zerg - Winner!

Build Orders: Pool First 

Get SALT Encoding   

  12  0:03  Drone  
  13  0:10  Drone  
  14  0:18  Overlord  
  14  0:24  Drone, Extractor  
  15  0:36  Drone x2  
  17  0:46  Spawning Pool  
  16  0:51  Drone  
  17  0:57  Extractor  
  17  0:59  Drone  
  17  1:09  Drone  
  18  1:20  Hatchery  
  18  1:24  Drone  
  18  1:33  Queen  
  18  1:37  Zergling x2  
  21  1:41  Zergling x2  
  22  1:50  Overlord  
  22  2:08  Metabolic Boost  
  22  2:09  Drone, Queen  
  25  2:17  Drone  
  26  2:31  Drone  
  26  2:32  Queen  
  29  2:49  Drone x6  
  33  2:52  Pneumatized Carapace  
  33  2:56  Drone  
  33  2:57  Drone  
  35  3:09  Overlord  
  35  3:13  Drone  
  36  3:27  Queen  
  36  3:28  Drone x6  
  44  3:39  Hatchery  
  44  3:40  Overlord  
  43  3:50  Drone  
  44  3:58  Overlord  
  44  4:00  Drone x2  
  44  4:01  Drone x4, Extractor x2  
  48  4:07  Evolution Chamber  
  48  4:09  Evolution Chamber  
  46  4:15  Drone  
  46  4:16  Drone x2  
  50  4:17  Lair  
  50  4:20  Zergling x2  
  50  4:21  Roach Warren  
  50  4:23  Overlord  
  50  4:27  Drone x3  
  53  4:33  Zerg Ground Armor Level 1  
  53  4:39  Drone x3  
  53  4:42  Extractor  
  55  4:49  Drone  
  56  4:53  Queen  
  56  4:56  Drone x6  
  64  5:02  Roach x2  
  64  5:04  Roach  
  64  5:05  Roach  
  72  5:13  Overlord  
  72  5:14  Overlord  
  72  5:16  Overseer, Glial Reconstitution  
  72  5:18  Drone  
  72  5:19  Drone  
  74  5:22  Overlord  
  74  5:29  Overlord x2  
  74  5:34  Roach x3  
  80  5:43  Roach x5  
  90  5:51  Roach x4  
  98  6:07  Roach  
  98  6:08  Roach x7  
  114  6:16  Overlord x2  
  114  6:17  Overlord x2  
  114  6:18  Ravager  
  113  6:19  Ravager  
  113  6:22  Ravager  
  113  6:23  Ravager  
  113  6:25  Overlord x2  
Show
View Real Time Build Order
Export as new Build Order

llIllIllIllI Terran 

Build Orders: Reaper Expand, MMM Bio 

Get SALT Encoding   

  12  0:00  SCV  
  13  0:12  SCV  
  14  0:18  Supply Depot  
  14  0:24  SCV  
  15  0:39  SCV  
  15  0:41  Barracks  
  16  0:46  Refinery  
  16  0:51  SCV  
  17  1:03  SCV  
  18  1:16  SCV  
  19  1:28  Orbital Command  
  19  1:30  Reaper  
  20  1:39  Command Center  
  20  1:48  Supply Depot  
  20  1:56  SCV  
  21  2:02  Marine  
  21  2:08  SCV  
  23  2:10  Factory  
  23  2:14  Refinery  
  23  2:20  SCV  
  24  2:27  Barracks Reactor  
  24  2:32  SCV  
  21  2:52  SCV  
  22  3:04  SCV, Barracks  
  23  3:06  Barracks  
  23  3:10  Hellion x2  
  27  3:12  Barracks Tech Lab  
  27  3:15  Orbital Command  
  27  3:16  SCV  
  28  3:28  SCV  
  28  3:31  Marine, Stimpack  
  30  3:40  SCV  
  31  3:44  Hellion x2  
  35  3:49  SCV  
  35  3:52  SCV  
  35  3:54  Barracks Reactor x2  
  35  3:55  Marine  
  38  4:00  Supply Depot  
  38  4:01  SCV  
  39  4:05  SCV  
  40  4:13  SCV  
  40  4:15  Marine, Hellion x2  
  46  4:23  SCV, Supply Depot  
  47  4:25  SCV  
  47  4:31  Marine x2  
  49  4:33  Marine x2  
  49  4:35  SCV  
  49  4:36  Supply Depot  
  49  4:37  SCV  
  54  4:42  Starport  
  54  4:46  Factory Tech Lab  
  54  4:47  Marine  
  54  4:48  SCV  
  54  4:51  SCV  
  57  4:56  Marine x2  
  57  4:57  Marine x2  
  61  5:00  SCV  
  61  5:03  Supply Depot  
  61  5:04  Marine  
  63  5:08  Siege Tank  
  63  5:09  SCV  
  67  5:15  Marine  
  67  5:16  Marine x2  
  67  5:20  Armory  
  70  5:25  Marine, Medivac  
  70  5:26  Medivac  
  75  5:28  SCV  
  75  5:30  Supply Depot  
  75  5:33  Supply Depot  
  75  5:34  Combat Shields  
  76  5:43  Marine x2  
  78  5:51  Marine x3, Siege Tank  
  84  5:58  Supply Depot  
  84  6:01  Marine x2  
  86  6:09  Marine x2  
  88  6:16  Marine  
  88  6:17  Medivac  
  91  6:18  Marine  
  91  6:19  Marine  
  93  6:27  Marine, Refinery, Engineering Bay, Command Center  
  93  6:28  Engineering Bay  
  93  6:29  Marine  
  95  6:34  Marine  
  95  6:39  Supply Depot  
Tags
 
Add a new tag
Caveats
  • Supply blocks, unpowered buildings, or Contaminate may cause inaccurate times.
  • Supply counts are checked every 10 seconds.